 Dungeon Crawl Stone Soup version 0.28-a0-620-g539b0f7ac7 (webtiles) character file.

Game seed: 15074974192793299575

198 bande the Covered (level 5, -2/33 HPs)
             Began as a Gargoyle Fighter on Oct 7, 2021.
             Slain by a wyvern skeleton (6 damage)
             ... on level 4 of the Dungeon.
             The game lasted 00:04:02 (2910 turns).

bande the Covered (Gargoyle Fighter)                Turns: 2910, Time: 00:04:02

Health: -2/33      AC: 15    Str: 21    XL:     5   Next: 76%
Magic:  0/5        EV:  9    Int:  8    God:
Gold:   121        SH:  5    Dex:  9    Spells: 4/4 levels left

rFire   . . .      SeeInvis .   a - +0 war axe
rCold   . . .      Faith    .   c - +1 buckler
rNeg    + . .      Spirit   +   b - +0 scale mail
rPois   ∞          Reflect  .   (no helmet)
rElec   +          Harm     .   (no cloak)
rCorr   .          Rampage  .   (no gloves)
Will    .....                   (no boots)
Stlth   ..........              h - amulet of guardian spirit
HPRegen 0.11/turn               e - +4 ring of protection
MPRegen 0.09/turn               (no ring)

@: no status effects
A: sickness immunity, AC +4, negative energy resistance 1, electricity
resistance, torment resistance 1, petrification resistance
a: no special abilities


You were on level 4 of the Dungeon.
You visited 1 branch of the dungeon, and saw 4 of its levels.

You collected 121 gold pieces.

Inventory:

Hand Weapons
 a - a +0 war axe (weapon)
Armour
 b - a +0 scale mail (worn)
 c - a +1 buckler (worn)
Jewellery
 e - a +4 ring of protection (left hand)
 h - an amulet of guardian spirit (around neck)
Wands
 i - a wand of iceblast (18)
Scrolls
 f - 2 scrolls of teleportation
 j - 3 scrolls of identify
Potions
 d - a potion of might
 g - 2 potions of curing
 k - a potion of brilliance


   Skills:
 + Level 3.9 Fighting
 + Level 3.7 Axes
 + Level 4.3 Armour
 - Level 0.2 Stealth
 + Level 4.1 Shields


You had 4 spell levels left.
You didn't know any spells.
Your spell library was empty.

Dungeon Overview and Level Annotations

Branches:
Dungeon (4/15)
 Temple: D:4-7

Altars:


Innate Abilities, Weirdness & Mutations

You are immune to sickness and miasma.
Your stone body is resilient. (AC +4)
You are immune to poison.
You resist negative energy. (rN+)
You are resistant to electric shocks. (rElec)
You are resistant to unholy torment.
You are immune to petrification.


Message History

Things that are here:
a +0 dagger; a goblin corpse
Found 15 poisoned darts.
No target in view!
No target in view!
No target in view!
No target in view!
You open the door.
There is an open door here.
Found a stone staircase leading down.
You open the door.
There is an open door here.
You see here a black bear skeleton.
i - a wand of iceblast (18) (gained 6 charges)
You open the door.
There is an open door here.
Done exploring.
Done exploring.
Done exploring.
There is a stone staircase leading down here.
You climb downwards.
There is a stone staircase leading up here.
A wyvern skeleton comes into view.
The wyvern skeleton bites you but does no damage.
You barely miss the wyvern skeleton. You block the wyvern skeleton's attack.
The wyvern skeleton bites you!
You completely miss the wyvern skeleton.
The wyvern skeleton bites you! The wyvern skeleton bites you.
You are too injured to fight recklessly!
You are too injured to fight recklessly!
You are too injured to fight recklessly!
You are too injured to fight recklessly!
You slash the wyvern skeleton!
The wyvern skeleton is moderately damaged.
The wyvern skeleton bites you. The wyvern skeleton bites you!
* * * LOW HITPOINT WARNING * * *
You slash the wyvern skeleton!
The wyvern skeleton is heavily damaged.
The wyvern skeleton bites you!
You die...

#. #. #.# #. #.#
###.##.#
.#......#
........#
........#########
#.......@Z......
#......#########
######.# #.# #.#
#.# #.# #.# #.#


You could see a wyvern skeleton.

Vanquished Creatures
  A black bear (D:3)
  5 adders
  A worm (D:2)
  2 dart slugs
  An orc (D:3)
  3 ball pythons
  3 bats
  6 endoplasms
  5 giant cockroaches
  4 goblins
  4 hobgoblins
  4 kobolds (D:1)
  3 quokkas
  2 frilled lizards (D:1)
  8 rats
52 creatures vanquished.

Notes
Turn   | Place    | Note
-------+----------+-------------------------------------------
     0 | D:1      | bande the Gargoyle Fighter began the quest for the Orb.
     0 | D:1      | Reached XP level 1. HP: 14/14 MP: 1/1
   450 | D:1      | Reached XP level 2. HP: 19/19 MP: 2/2
   981 | D:1      | Reached XP level 3. HP: 23/23 MP: 3/3
  1482 | D:2      | Reached XP level 4. HP: 29/29 MP: 4/4
  2221 | D:3      | Noticed a black bear
  2228 | D:3      | Killed a black bear
  2229 | D:3      | Reached XP level 5. HP: 29/33 MP: 5/5
  2910 | D:4      | Slain by a wyvern skeleton

Illustrated notes

Levels and vault maps discovered:
D:1:      dpeg_arrival_leaves_temple_mockup, layout_basic, serial_curves,
          eino_curves_04, eino_curves_03
D:2:      layout_basic, minmay_misc_feat_pillars, st_stairs_8
D:3:      layout_basic
D:4:      layout_loops_ring

Skill      XL: |  1  2  3  4 |
---------------+-------------+-----
Axes           | 2 3 |  3.7
Armour         | 4 |  4.3
Shields        | 4 |  4.1
Fighting       | |  3.9
Stealth        | |  0.2

Action                   |  1- 3 |  4- 6 || total
-------------------------+-------+-------++-------
Melee: War axe           |    75 |    75 ||   150
  Use: Scroll            |     6 |     1 ||     7
Armor: Scale mail        |    41 |    41 ||    82
Dodge: Dodged            |    33 |    41 ||    74
Block: Buckler           |    15 |    33 ||    48

Table legend: (Time is in decaauts)
 A = Elapsed time spent in this place.
 B = Non-inter-level travel time spent in this place.
 C = Inter-level travel time spent in this place.
 D = Time resting spent in this place.
 E = Time spent auto-exploring this place.
 F = Levels seen in this place.
 G = Mean time per level.
                   A        B        C        D        E       F      G
               +--------+--------+--------+--------+--------+-----+--------+
         Total |   2963 |   2963 |      0 |    373 |   2102 |   4 |  740.8 |
       Dungeon |   2963 |   2963 |      0 |    373 |   2102 |   4 |  740.8 |
               +--------+--------+--------+--------+--------+-----+--------+

Top non-repeatable levels by time:
     D:1: 1325 daAuts
     D:3: 901 daAuts
     D:2: 695 daAuts
     D:4: 41 daAuts
